 Dungeon Crawl Stone Soup version 0.17-a0-543-g13d7571 (webtiles) character file.

175 BluebellGnoll the Cudgeler (level 5, -3/53 HPs)
             Began as an Ogre Assassin on Apr 13, 2015.
             Slain by an orc priest
             ... wielding a +0 falchion
              (8 damage)
             ... on level 3 of the Dungeon.
             The game lasted 00:11:16 (2476 turns).

BluebellGnoll the Cudgeler (Ogre Assassin)          Turns: 2476, Time: 00:11:16

Health: -3/53      AC:  9    Str: 17    XL:     5   Next: 55%
Magic:  5/5        EV:  9    Int: 10    God:
Gold:   55         SH:  0    Dex: 11    Spells: 0 memorised, 4 levels left

rFire  . . .     SeeInvis .     j - +0 mace (protect)
rCold  . . .     Clarity  .     c - +0 robe
rNeg   . . .     SustAb   .     (no shield)
rPois  .         Gourm    .     (helmet restricted)
rElec  .         Spirit   .     d - +0 cloak
rCorr  .         Warding  .     (gloves unavailable)
rMut   .         Stasis   .     (boots unavailable)
MR     .....                    (no amulet)
Stlth  ++........               (no ring)
                                (no ring)

@: not resistant to hostile enchantments, unstealthy
A: unfitting armour, tough skin 1
a: no special abilities


You were on level 3 of the Dungeon.
You were not hungry.

You visited 1 branch of the dungeon, and saw 3 of its levels.

You collected 55 gold pieces.

Inventory:

Hand weapons
 a - a +2 dagger
 b - a +0 blowgun
 f - a +0 short sword of freezing
 j - a +0 mace of protection (weapon)
Missiles
 o - 36 stones (quivered)
 x - 2 curare-tipped needles
Armour
 c - a +0 robe (worn)
 d - a +0 cloak (worn)
Magical devices
 h - a wand of flame (17)
Scrolls
 i - a scroll of amnesia {unknown}
 k - a scroll of identify
 m - a scroll of remove curse
 n - 3 scrolls of teleportation {unknown}
 p - a scroll of immolation {unknown}
 s - a scroll of enchant armour {unknown}
Potions
 l - 4 potions of cancellation
 t - a potion of heal wounds
Comestibles
 g - 3 bread rations
 q - 5 fruits
 r - a beef jerky
 u - a meat ration
 v - 8 chunks of flesh


   Skills:
 - Level 3.2 Fighting
 - Level 1.2 Short Blades
 + Level 6.4 Maces & Flails
 - Level 2.1 Throwing
 - Level 0.8 Dodging
 - Level 3.2 Stealth


You had 4 spell levels left.
You didn't know any spells.

Dungeon Overview and Level Annotations

Branches:
Dungeon (3/15)

Altars:
Nemelex Xobeh
Ru
Trog


Innate Abilities, Weirdness & Mutations

You are too large for most types of armour.
You have tough skin (AC +1).


Message History

You barely miss the orc priest.
The orc priest is almost dead.
You hit the orc priest but do no damage.
The orc priest is almost dead.
The orc priest mumbles some strange prayers to Beogh against you.
Something smites you!
The orc priest hits you with a falchion!
* * * LOW HITPOINT WARNING * * *
You hit the orc priest but do no damage.
The orc priest is almost dead.
The orc priest invokes the aid of Beogh against you.
Pain shoots through your body!
* * * LOW HITPOINT WARNING * * *
You barely miss the orc priest.
The orc priest is almost dead.
The orc priest closely misses you.
You hit the orc priest.
The orc priest is almost dead.
The orc priest hits you with a falchion!
You die...

##### #
#.......(.....
##.##.#.####.###
#..............
####...####.######
...
.#................
....
.............).....
. ...
........>####.######
(. ..##
################.#
(. o.#
#...(o@........).#
.# #.#
#.################
.####.#####.###
..(...o.o.o...#
.####.#########
o####.# ...)..#
.###### ##


You could see an orc priest.

Vanquished Creatures
  An orc wizard (D:3)
  Terence (D:3)
  3 gnolls (D:3)
  3 adders (D:2)
  A worm (D:2)
  5 orcs (D:3)
  7 bats
  9 goblins
  9 hobgoblins
  4 jackals (D:1)
  7 kobolds
  A ball python (D:3)
  4 giant cockroaches
  2 giant newts
  5 rats
62 creatures vanquished.

Notes
Turn   | Place    | Note
--------------------------------------------------------------
     0 | D:1      | BluebellGnoll, the Ogre Assassin, began the quest for the Orb.
     0 | D:1      | Reached XP level 1. HP: 22/22 MP: 1/1
   161 | D:1      | Reached skill level 1 in Maces & Flails
   161 | D:1      | Reached XP level 2. HP: 31/31 MP: 2/2
   727 | D:1      | Reached XP level 3. HP: 37/37 MP: 3/3
  1457 | D:2      | Reached skill level 4 in Maces & Flails
  1515 | D:2      | Reached XP level 4. HP: 45/45 MP: 4/4
  1703 | D:2      | Found a sparkling altar of Nemelex Xobeh.
  1823 | D:2      | Found a bloodstained altar of Trog.
  2145 | D:3      | Reached skill level 5 in Maces & Flails
  2224 | D:3      | Noticed Terence
  2239 | D:3      | Killed Terence
  2239 | D:3      | Reached XP level 5. HP: 42/53 MP: 5/5
  2281 | D:3      | Found a sacrificial altar of Ru.
  2285 | D:3      | Reached skill level 6 in Maces & Flails
  2476 | D:3      | Slain by an orc priest

Action                   |  1- 3 |  4- 6 || total
-------------------------+-------+-------++-------
Melee: Dagger            |    46 |     1 ||    47
       Mace              |    29 |    55 ||    84
 Fire: Blowgun           |    32 |    26 ||    58
Throw: Stone             |    25 |    26 ||    51
  Use: Scroll            |       |     3 ||     3
 Stab: Sleeping          |     4 |       ||     4
       Distracted        |     1 |       ||     1
       Invisible         |       |     1 ||     1
  Eat: Chunk             |     2 |     3 ||     5
